 Dungeon Crawl Stone Soup version 0.30.0-5-g1a98f26d00 (webtiles) character file.

Game seed: 7723402515446682818

9803 Kranky the Grappler (level 11, 0/115 HPs)
             Began as a Troll Fighter on May 12, 2023.
             Was an Elder of Wu Jian.
             Hit by a javelin thrown by a minotaur (24 damage)
             ... in a Gauntlet.
             The game lasted 00:27:10 (8297 turns).

Kranky the Grappler (Troll Fighter)                 Turns: 8297, Time: 00:27:12

Health: 0/115      AC:  9    Str: 33    XL:     11   Next: 27%
Magic:  0/10       EV:  8    Int:  8    God:    Wu Jian [****..]
Gold:   2094       SH: 14    Dex:  9    Spells: 10/10 levels left

rFire   . .          .
                       - Unarmed
rCold   . . .        u - +0 tower shield
rNeg    + . .        z - +1 steam dragon scales
rPois   +            N - +1 hat of the World {rCorr}
rElec   .            (no cloak)
rCorr   +            (gloves unavailable)
SInv    .            (boots unavailable)
Will    ++...        F - amulet "Zang" {Spirit rPois rN+ Will++ Str-5}
Stlth   +            J - +6 ring of strength
HPRegen 1.19/turn    B - +6 ring of strength
MPRegen 0.12/turn

%: no teleportation, guardian spirit
@: no status effects
A: large, unfitting armour, claws 3, regeneration 1, shaggy fur 1, tough skin 1
a: Renounce Religion, Wall Jump, Serpent's Lash


You were in a Gauntlet.
You worshipped Wu Jian.
Wu Jian was greatly pleased with you.
You visited 2 branches of the dungeon, and saw 12 of its levels.
You also visited: Gauntlet.

You collected 2094 gold pieces.

Inventory:

Missiles
 r - 2 throwing nets (quivered)
Armour
 u - a +0 tower shield (worn)
 z - +1 steam dragon scales (worn)
 K - a +1 robe of cold resistance
 N - the +1 hat of the World (worn) {rCorr}
   (You found it in a Gauntlet)

   rCorr:     It protects you from acid and corrosion.
Jewellery
 j - a ring of magical power
 k - an amulet of the acrobat
 t - a ring of fire
 B - a +6 ring of strength (right claw)
 E - the amulet "Veky Yco" {Regen+ Str+2}
   (You acquired it on level 7 of the Dungeon)

   [amulet of regeneration]

   Str:       It affects your strength (+2).
   Regen:     It increases your rate of health regeneration.
 F - the amulet "Zang" (around neck) {Spirit rPois rN+ Will++ Str-5}
   (You acquired it on level 7 of the Dungeon)

   [amulet of guardian spirit]

   It causes incoming damage to be divided between your reserves of health and
   magic.
   Str:       It affects your strength (-5).
   rPois:     It protects you from poison.
   rN:        It protects you from negative energy.
   Will:      It greatly increases your willpower.
 G - a +6 ring of dexterity
 J - a +6 ring of strength (left claw)
 O - a +6 ring of intelligence
 P - a ring of positive energy
Wands
 a - a wand of polymorph (6)
 y - a wand of charming (6)
 L - a wand of digging (4)
Scrolls
 b - a scroll of magic mapping
 d - 5 scrolls of teleportation
 g - a scroll of identify
 h - a scroll of blinking {unknown}
 i - 3 scrolls of enchant weapon {unknown}
 l - a scroll of poison
 m - a scroll of amnesia
 o - 2 scrolls of silence
 s - a scroll of butterflies
 w - 2 scrolls of fear
 C - a scroll of torment {unknown}
 D - 4 scrolls of enchant armour
Potions
 c - 3 potions of might
 e - 8 potions of curing
 f - a potion of lignification
 n - a potion of heal wounds
 p - a potion of attraction
 q - 2 potions of flight
 v - a potion of resistance {unknown}
 x - 2 potions of haste
 A - a potion of berserk rage
 H - 2 potions of magic {unknown}
 I - 4 potions of mutation {unknown}
 M - a potion of ambrosia {unknown}


   Skills:
 + Level 9.1 Fighting
 - Level 2.4 Dodging
 + Level 9.9 Shields
 + Level 10.5 Unarmed Combat


You had 10 spell levels left.
You didn't know any spells.
Your spell library contained the following spells:

 Spells                   Type           Power      Damage    Failure   Level
 Freeze                   Ice            0%         1d3       75%         1
 Magic Dart               Conj           0%         1d3       75%         1
 Call Imp                 Summ           0%         N/A       86%         2
 Ensorcelled Hibernation  Hex/Ice        0%         N/A       86%         2
 Passwall                 Tmut/Erth      0%         N/A       86%         2
 Call Canine Familiar     Summ           0%         N/A       98%         3
 Frozen Ramparts          Ice            0%         1d1       98%         3
 Hailstorm                Conj/Ice       0%         3d3       98%         3
 Mephitic Cloud           Conj/Pois/Air  0%         N/A       98%         3
 Ozocubu's Armour         Ice            0%         N/A       98%         3
 Portal Projectile        Hex/Tloc       0%         N/A       98%         3
 Spider Form              Tmut/Pois      0%         N/A       98%         3
 Swiftness                Air            0%         N/A       98%         3
 Anguish                  Hex/Necr       0%         N/A       100%        4
 Leda's Liquefaction      Hex/Erth       0%         N/A       100%        4
 Summon Ice Beast         Ice/Summ       0%         N/A       100%        4
 Metabolic Englaciation   Hex/Ice        0%         N/A       100%        5
 Summon Mana Viper        Hex/Summ       0%         N/A       100%        5
 Simulacrum               Ice/Necr       0%         N/A       100%        6
 Monstrous Menagerie      Summ           0%         N/A       100%        7


Dungeon Overview and Level Annotations

Branches:
Dungeon (11/15)            Temple (1/1) D:4            Lair (0/5) D:8
    Orc (0/2) D:10        Gauntlet (1/1)

Altars:
Ashenzari
Cheibriados
Dithmenos
Elyvilon
Fedhas
Hepliaklqana
Kikubaaqudgha
Makhleb
Nemelex Xobeh
Okawaru
Qazlal
Ru
Sif Muna
Trog
Uskayaw
Vehumet
Wu Jian
Xom
Yredelemnul
Zin
The Shining One

Shops:
D:8 [

Annotations:
D:10 2 transporters
Temple 4 transporters Gauntlet 8 transporters, 1 runed translucent door


Innate Abilities, Weirdness & Mutations

You are too large for most types of armour.
You have claws for hands.
Your natural rate of healing is unusually fast.
You are covered in fur. (AC +1)
You have tough skin. (AC +1)


Message History

There is a transporter here.
You enter the transporter and appear at another place.
You can't go down here!
You start resting.
Your butterfly disappears in a burst of colours! x2
HP restored.
You start resting.
Magic restored.
You open the door.
A minotaur zombie and a minotaur come into view.
The minotaur is wielding a staff of fire.
The minotaur drinks a potion.
The minotaur seems to speed up.
Found a chain mail.
Found a gate leading back out of this place.
You block the minotaur zombie's attack. x2
There is an open door here.
You claw the minotaur zombie!
The minotaur zombie is lightly damaged.
You completely miss the minotaur.
The minotaur furiously retaliates!
The minotaur headbutts you, but does no damage.
You block the minotaur's attack. The minotaur gores you!
You mangle the minotaur!!
The minotaur is moderately wounded.
The minotaur hits you with a staff of fire.
The minotaur burns you!
The minotaur gores you but does no damage.
The minotaur hits you with a staff of fire!
The minotaur burns you! The minotaur barely misses you.
You scratch the minotaur but do no damage.
The minotaur is moderately wounded.
The minotaur hits you with a staff of fire!!
The minotaur burns you! The minotaur barely misses you.
The minotaur attacks as you move away!
The minotaur hits you with a staff of fire!
* * * LOW HITPOINT WARNING * * *
The minotaur burns you.
* * * LOW HITPOINT WARNING * * *
You block the minotaur's attack.
The minotaur throws a javelin.
The javelin pierces through you!!
You die...

###.P.≈≈# bh#...≈##
###...###.♣. #####
h##.♣..##...##...#
.©#.P...#.♣.##.#.#
###...♣.#......#.# #
.##...P.#.©.##.#.# '##
bb#.....#...##...# .⌠.#
###.....#.©.##.#@##∩...#
.....∩..#......#.'HZ..⌠+
###.....#.©.##.#.##.⌠..#
..#.....#...##...# +###
bb#...P.#.©.##.#.#
..#...♣.#......#.#
.©#.P...#.♣.##.#.#
#.#.♣..##...##...#
#?#...###.♣.######


You could see a minotaur (fast) and a minotaur zombie.

Vanquished Creatures
  Fannar (D:10)
  A centaur warrior (D:9)
  A two-headed ogre (D:9)
  A cyclops (D:11)
  An ice devil (Gauntlet)
  Prince Ribbit (D:7)
  4 flying skulls (Gauntlet)
  2 wyverns
  12 yaks
  Eustachio (D:6)
  A steam dragon (D:6)
  Menkaure (D:5)
  A water moccasin (D:6)
  4 orc warriors
  An ice beast (D:6)
  2 black bears
  3 sky beasts
  7 centaurs
  2 phantoms (D:6)
  A scorpion (D:6)
  2 kobold brigands
  6 bullfrogs
  2 gnoll sergeants
  4 wights (D:10)
  2 howler monkeys
  3 jellies (D:6)
  6 orc priests
  A gnoll bouda (D:7)
  5 hounds
  4 iguanas
  4 sleepcaps
  Jessica (D:3)
  12 orc wizards
  17 gnolls
  13 adders
  3 shadow imps
  4 white imps
  An ufetubus (D:5)
  2 worms (D:2)
  3 dart slugs
  47 orcs
  11 endoplasms
  5 giant cockroaches
  4 goblins
  5 hobgoblins
  6 quokkas
  3 ball pythons
  3 bats
  3 frilled lizards
  18 kobolds
  6 rats
254 creatures vanquished.

Vanquished Creatures (others)
  2 orcs (D:10)
2 creatures vanquished.

Grand Total: 256 creatures vanquished

Notes
Turn   | Place    | Note
-------+----------+-------------------------------------------
     0 | D:1      | Kranky the Troll Fighter began the quest for the Orb.
     0 | D:1      | Reached XP level 1. HP: 22/22 MP: 0/0
     4 | D:1      | Noticed a minotaur zombie
    11 | D:1      | Noticed a minotaur zombie
    22 | D:1      | Noticed a merfolk zombie
   285 | D:1      | Reached XP level 2. HP: 29/29 MP: 1/1
   833 | D:2      | Reached XP level 3. HP: 36/36 MP: 2/2
   859 | D:2      | Found a shimmering blue altar of Sif Muna.
  1163 | D:2      | Found the +5 Force Lance {heavy, knockback}
  1281 | D:3      | Noticed Jessica
  1283 | D:3      | Killed Jessica
  1284 | D:3      | Reached skill level 3 in Unarmed Combat
  1284 | D:3      | Reached XP level 4. HP: 45/45 MP: 3/3
  1390 | D:3      | Found a large runed translucent door.
  1390 | D:3      | Found a large runed translucent door.
  1425 | D:3      | Reached XP level 5. HP: 46/53 MP: 4/4
  1828 | D:3      | Found a glowing golden altar of the Shining One.
  1835 | D:3      | Found a glowing silver altar of Zin.
  1892 | D:4      | Noticed a black bear
  1899 | D:4      | Killed a black bear
  1900 | D:4      | Reached skill level 4 in Unarmed Combat
  1900 | D:4      | Reached XP level 6. HP: 47/62 MP: 5/5
  1974 | D:4      | Found a staircase to the Ecumenical Temple.
  2003 | Temple   | Entered the Ecumenical Temple
  2003 | Temple   | Found a transporter.
  2003 | Temple   | Found a transporter.
  2005 | Temple   | Found a transporter.
  2005 | Temple   | Found a transporter.
  2021 | Temple   | Became a worshipper of the Wu Jian Council
  2453 | D:5      | Entered Level 5 of the Dungeon
  2495 | D:5      | Found a white marble altar of Elyvilon.
  2598 | D:5      | Found a broken altar of Ashenzari.
  2622 | D:5      | Reached XP level 7. HP: 59/71 MP: 6/6
  2666 | D:5      | Found a radiant altar of Vehumet.
  2819 | D:5      | Found a bloodstained altar of Trog.
  2874 | D:5      | Noticed Menkaure
  2879 | D:5      | Killed Menkaure
  2880 | D:5      | Reached skill level 5 in Shields
  2880 | D:5      | Reached skill level 5 in Unarmed Combat
  3022 | D:5      | Found a sacrificial altar of Ru.
  3029 | D:5      | Reached * piety under Wu Jian
  3055 | D:5      | Found a shimmering blue altar of Sif Muna.
  3125 | D:6      | Reached skill level 5 in Fighting
  3131 | D:6      | Reached XP level 8. HP: 16/80 MP: 7/7
  3205 | D:6      | Reached skill level 6 in Unarmed Combat
  3291 | D:6      | Noticed Eustachio
  3306 | D:6      | Killed Eustachio
  3728 | D:6      | Reached skill level 7 in Unarmed Combat
  3728 | D:6      | Reached XP level 9. HP: 79/89 MP: 8/8
  3737 | D:6      | Reached ** piety under Wu Jian
  4277 | D:7      | Noticed Prince Ribbit
  4299 | D:7      | Killed Prince Ribbit
  4507 | D:7      | Reached skill level 8 in Unarmed Combat
  5068 | D:7      | Reached XP level 10. HP: 45/102 MP: 9/9
  5179 | D:7      | Identified 3 scrolls of acquirement
  5179 | D:7      | Acquired the amulet "Veky Yco" {Regen+ Str+2}
  5221 | D:7      | Acquired the amulet "Zang" {Spirit rPois rN+ Will++ Str-5}
  5225 | D:7      | Acquired 1057 gold pieces
  5282 | D:8      | Found a staircase to the Lair.
  5327 | D:8      | Found Igirr's Antique Armour Emporium.
  5471 | D:8      | Reached *** piety under Wu Jian
  5701 | D:9      | Reached skill level 9 in Unarmed Combat
  5766 | D:9      | Noticed a centaur warrior
  5775 | D:9      | Killed a centaur warrior
  5917 | D:9      | Noticed a two-headed ogre
  5924 | D:9      | Killed a two-headed ogre
  6465 | D:10     | Entered Level 10 of the Dungeon
  6592 | D:10     | Reached skill level 10 in Unarmed Combat
  6934 | D:10     | Found a snail-covered altar of Cheibriados.
  6941 | D:10     | Reached **** piety under Wu Jian
  6995 | D:10     | Found a transporter.
  7000 | D:10     | Noticed an orc high priest
  7009 | D:10     | Noticed an orc sorcerer
  7014 | D:10     | Found a transporter.
  7146 | D:10     | Reached XP level 11. HP: 97/113 MP: 10/10
  7411 | D:10     | Noticed Fannar
  7454 | D:10     | Killed Fannar
  7693 | D:10     | Found a staircase to the Orcish Mines.
  7922 | D:11     | Found a gate leading to a gauntlet.
  7936 | Gauntlet | Entered a Gauntlet
  7936 | Gauntlet | Found a transporter.
  7949 | Gauntlet | Found a transporter.
  7951 | Gauntlet | Found a transporter.
  7967 | Gauntlet | Found a transporter.
  7969 | Gauntlet | Found a transporter.
  7980 | Gauntlet | Found a transporter.
  7995 | Gauntlet | Noticed a quicksilver ooze
  7996 | Gauntlet | Found a transporter.
  8004 | Gauntlet | Noticed a hell hog
  8006 | Gauntlet | Found a transporter.
  8014 | Gauntlet | Noticed a fire crab
  8016 | Gauntlet | Found a transporter.
  8030 | Gauntlet | Found a transporter.
  8044 | Gauntlet | Found a transporter.
  8044 | Gauntlet | Noticed a fire crab
  8045 | Gauntlet | Found a transporter.
  8125 | Gauntlet | Found a runed translucent door.
  8149 | Gauntlet | Found a transporter.
  8165 | Gauntlet | Identified the +1 hat of the World {rCorr}
  8215 | Gauntlet | Found a transporter.
  8291 | Gauntlet | Noticed a minotaur
  8297 | Gauntlet | Hit by a javelin thrown by a minotaur

Illustrated notes

Levels and vault maps discovered:
D:1:      shiori_arrival_whats_in_store_for_you, layout_loops_ring
D:2:      layout_loops_ring, basic_altar
D:3:      layout_rooms, jmf_multi_god_temple2, wad_rectangle_vault, uniq_jessica
D:4:      layout_rooms, temple_doors_ab, dreamdust_princess_bridge
D:5:      layout_basic, nicolae_ashenzari_panopticon,
          nicolae_vehumet_altar_sigil, nicolae_ru_awakened_eye,
          lemuel_coloured_pillars_altar, elyvilon_altar_3, lemuel_crystal_altar,
          amcnicky_mini_corridor_feature, uniq_menkaure
D:6:      minmay_polygon_palace, layout_loops_ring,
          chequers_serial_rivers_room_b, uniq_eustachio
D:7:      layout_loops_ring, uniq_prince_ribbit1
D:8:      layout_basic, lair_entry_dummy, serial_shops, shop, dk_noncrumbling_3
D:9:      layout_irregular_city
D:10:     gammafunk_wand_slinger, layout_basic, kennysheep_slug_shrine,
          hiddenorc1_lemuel, kennysheep_small_circle, uniq_fannar
D:11:     layout_roguey, gauntlet_entry_generic, serial_rivers,
          chequers_serial_rivers_room_a, chequers_serial_rivers_small_b,
          chequers_serial_rivers_large_a, chequers_serial_rivers_micro_a,
          chequers_serial_rivers_small_3, chequers_serial_rivers_micro_e,
          kennysheep_opposing_triangles
Temple:   hellmonk_temple_divided_pantheon
Gauntlet: minmay_gauntlet_77_tree [minmay_gauntlet_arena_77_broken_ladder,
          minmay_gauntlet_arena_77_path, minmay_gauntlet_arena_77_braids,
          minmay_gauntlet_arena_77_two_paths,
          minmay_gauntlet_arena_77_tiled_triplets,
          minmay_gauntlet_arena_77_hold_the_fort,
          minmay_gauntlet_arena_77_terracotta_army, gauntlet_exit_hidden_loot]

Skill      XL: |  1  2  3  4  5  6  7  8  9 10 11 |
---------------+----------------------------------+-----
Shields        | 3 4 5 6 8 9 |  9.9
Fighting       | 3 4 5 6 7 8 9 |  9.1
Unarmed Combat | 3 4 5 7 8 10 | 10.5
Dodging        | |  2.4

Action                     |  1- 3 |  4- 6 |  7- 9 | 10-12 || total
---------------------------+-------+-------+-------+-------++-------
  Melee: Unarmed           |    85 |   159 |   290 |   310 ||   844
Ability: Lunge             |       |     5 |    24 |    11 ||    40
         Whirlwind         |       |       |     2 |    15 ||    17
    Use: Scroll            |       |     5 |     1 |    16 ||    22
         Potion            |       |       |       |     1 ||     1
   Stab: Sleeping          |     2 |       |     1 |       ||     3
 Armour: Robe              |    20 |    40 |    43 |     2 ||   105
         Steam dragon scal |       |       |    24 |    84 ||   108
  Dodge: Dodged            |    22 |    61 |    66 |    70 ||   219
  Block: Kite shield       |    19 |    91 |     4 |       ||   114
         Tower shield      |       |       |   170 |   209 ||   379
